 Dungeon Crawl Stone Soup version 0.24-a0-226-gca05e9d (webtiles) character file.

Game seed: 8947027933538815115

54 Gunnerkreig the Sneak (level 3, 5/31 HPs)
             Began as an Octopode Wizard on Mar 31, 2019.
             Quit the game on level 2 of the Dungeon.
             The game lasted 00:05:10 (1331 turns).

Gunnerkreig the Sneak (Octopode Wizard)             Turns: 1331, Time: 00:05:10

Health: 5/31       AC: 21    Str:  9    XL:     3   Next: 91%
Magic:  2/7        EV:  2    Int: 26    God:
Gold:   31         SH:  0    Dex: 10    Spells: 1/8 levels left

rFire    . . .     SeeInvis .   (no weapon)
rCold    . . .     Gourm    .   (no shield)
rNeg     + + +     Faith    .   (helmet currently unavailable)
rPois    +         Spirit   .   (no amulet)
rElec    .         Reflect  .   j - +3 ring of strength
rCorr    .         Harm     .   (no ring)
MR       .....     NoTele   +   (no ring)
Stlth    ++........             (no ring)
HPRegen  0.10/turn              (no ring)
MPRegen  0.10/turn              (no ring)
                                (no ring)
                                (no ring)

@: brilliant, lethally poisoned (5 -> -3), tree-form, very slightly contaminated
A: almost no armour, stealthy swim, (amphibious), 8 rings, (constrict 8)
a: no special abilities


You were on level 2 of the Dungeon.
You were not hungry.
You were a tree.
You visited 1 branch of the dungeon, and saw 2 of its levels.

You collected 31 gold pieces.

Inventory:

Hand Weapons
 g - a cursed -3 hunting sling
Missiles
 b - 41 stones
 e - 7 javelins (quivered)
Armour
 a - a +0 hat (melded)
Jewellery
 j - a +3 ring of strength (left branch)
Scrolls
 d - a scroll of blinking {unknown}
Potions
 i - a potion of flight
Comestibles
 c - 4 rations


   Skills:
 - Level 2.0 Dodging
 + Level 3.9 Stealth
 - Level 3.0 Spellcasting
 * Level 3.0 Conjurations
   Level 1.0 Summonings
   Level 1.0 Translocations


You had one spell level left.
You knew the following spells:

 Your Spells              Type           Power        Failure   Level  Hunger
a - Magic Dart            Conj           ####         1%          1    None
b - Conjure Flame         Conj/Fire      ####....     1%          3    ###....
c - Mephitic Cloud        Conj/Pois/Air  ###.....     2%          3    ###....

Your spell library contained the following spells:

 Spells                   Type           Power        Failure   Level  Hunger
 Blink                    Tloc           N/A          1%          2    ##.....
 Call Imp                 Summ           ###.....     1%          2    ##.....
 Slow                     Hex            ###.....     1%          2    ##.....


Dungeon Overview and Level Annotations

Branches:
Dungeon (2/15)

Altars:
Dithmenos


Innate Abilities, Weirdness & Mutations

You cannot wear most types of armour.
You are very stealthy in the water. (Stealth+)
((You are amphibious.))
You can wear up to eight rings at the same time.
((You can use your tentacles to constrict eight enemies at once.))
((Your skin changes colour to match your surroundings (Stealth+).))
((Your rubbery body absorbs attacks. (AC +1, EV +1)))


Message History

It was a potion of brilliance.
You feel clever all of a sudden.
* * * LOW HITPOINT WARNING * * *
You feel sick.
Casting: Magic Dart (safe; 1% risk of failure)
Confirm with . or Enter, or press ? or * to list all spells.
Aiming: Magic Dart (safe; 1% risk of failure)
Press: ? - help, Shift-Dir - straight line, f - kobold
Aim: a kobold The magic dart hits the kobold!
You kill the kobold!
Casting: Magic Dart (safe; 1% risk of failure)
Confirm with . or Enter, or press ? or * to list all spells.
You can't see any susceptible monsters within range! (Use Z to cast anyway.) Unknown command.
You cannot move.
You cannot move.
There is a lethal amount of poison in your body!
There is a lethal amount of poison in your body!
Are you sure you want to abandon this character and quit the game? (Confirm with "yes".)

#. #.# #.# # #.# #. #.#
#.##.##########.###.
####.......((♣.†.......
#..........[.#######.##
.#####.####.# #.# #.#
#)# #.# #.# #.#
##.#####†####.#
............).#
..####.#####.#


There were no monsters in sight!

Vanquished Creatures
  2 adders (D:2)
  3 leopard geckos (D:1)
  2 giant cockroaches (D:1)
  2 goblins
  7 hobgoblins
  5 kobolds
  4 bats
  3 frilled lizards (D:1)
  5 rats
33 creatures vanquished.

Notes
Turn   | Place    | Note
-------+----------+-------------------------------------------
     0 | D:1      | Gunnerkreig the Octopode Wizard began the quest for the
                  | Orb.
     0 | D:1      | Reached XP level 1. HP: 11/11 MP: 4/4
   134 | D:1      | Reached XP level 2. HP: 10/17 MP: 0/6
   826 | D:1      | Reached XP level 3. HP: 16/21 MP: 0/7
  1229 | D:2      | Found a shadowy altar of Dithmenos.
  1299 | D:2      | Learned a level 3 spell: Conjure Flame
  1303 | D:2      | Learned a level 3 spell: Mephitic Cloud
  1331 | D:2      | Quit the game

Levels and vault maps discovered:
D:1:      dpeg_arrival_simpleton_a, layout_loops_cross, serial_park_tiny_2,
          hangedman_decor_push, grunt_decor_cap
D:2:      layout_loops_ring, grunt_temple_overflow_holy_war,
          overflow_temple_1_default, nicolae_ru_the_path_less_chosen,
          kennysheep_slug_shrine, corexii_hall_statues_deadend, uniq_robin

Skill      XL: |  1  2  3 |
---------------+----------+-----
Stealth        | 3 |  3.9
Conjurations   | 2 3 |  3.0
Dodging        | |  2.0
Spellcasting   | |  3.0
Summonings     | |  1.0
Translocations | |  1.0

Action                   || total
-------------------------++-------
Melee: Unarmed           ||    23
       Tentacles         ||     5
       Constrict         ||     5
 Cast: Magic Dart        ||    65
  Use: Potion            ||     3
  Eat: Chunk             ||     1
Armor: Skin              ||     3
Dodge: Dodged            ||    19

Table legend:
 A = Non-vault XP
 B = Vault XP
 C = Vault XP percentage of total XP
 D = Non-vault monster count
 E = Vault monster count
 F = Vault count percentage of total count
                 A         B        C        D         E       F
            +---------+---------+-------+---------+---------+-------
      Total |      78 |       0 |   0.0 |      33 |       0 |   0.0
            +---------+---------+-------+---------+---------+-------
        D:1 |      43 |       0 |   0.0 |      26 |       0 |   0.0
        D:2 |      35 |       0 |   0.0 |       7 |       0 |   0.0
            +---------+---------+-------+---------+---------+-------
